 Dungeon Crawl Stone Soup version 0.20-a0-9-g62d82d9 (webtiles) character file.

251 Gobser the Shield-Bearer (level 5, -2/47 HPs)
             Began as a Minotaur Fighter on Nov 1, 2016.
             Killed by nerve-wracking pain
             ... invoked by an orc priest
              (14 damage)
             ... on level 3 of the Dungeon.
             The game lasted 00:05:15 (1266 turns).

Gobser the Shield-Bearer (Minotaur Fighter)         Turns: 1266, Time: 00:05:16

Health: -2/47      AC:  7    Str: 21    XL:     5   Next: 88%
Magic:  4/4        EV:  8    Int:  5    God:
Gold:   128        SH: 10    Dex: 10    Spells: 0 memorised, 4 levels left

rFire  . . .     SeeInvis .     a - +0 war axe
rCold  . . .     Gourm    .     b - +0 scale mail
rNeg   . . .     Faith    +     c - +0 shield
rPois  .         Spirit   .     (helmet restricted)
rElec  .         Reflect  .     (no cloak)
rCorr  .         Harm     .     (no gloves)
MR     .....                    (no boots)
Stlth  ..........               l - amulet of faith
                                (no ring)
                                (no ring)

@: no status effects
A: retaliatory headbutt, horns 2
a: no special abilities


You were on level 3 of the Dungeon.
You were not hungry.

You visited 1 branch of the dungeon, and saw 3 of its levels.

You collected 128 gold pieces.

Inventory:

Hand Weapons
 a - a +0 war axe (weapon)
Armour
 b - a +0 scale mail (worn)
 c - a +0 shield (worn)
 d - a +2 helmet
Jewellery
 l - an amulet of faith (around neck)
Scrolls
 i - a scroll of identify
 j - a scroll of teleportation
 k - a scroll of noise {unknown}
 m - a scroll of amnesia {unknown}
Potions
 e - 2 potions of curing
Comestibles
 f - 3 bread rations
 g - a beef jerky
 h - a royal jelly
 n - 4 fruits


   Skills:
 * Level 4.4 Fighting
 * Level 4.8 Axes
 * Level 4.9 Armour
 + Level 0.9 Dodging
 + Level 5.0 Shields


You had 4 spell levels left.
You didn't know any spells.

Dungeon Overview and Level Annotations

Branches:
Dungeon (3/15)

Altars:


Innate Abilities, Weirdness & Mutations

You reflexively headbutt those who attack you in melee.
You have a pair of horns on your head.


Message History

The leopard gecko is moderately wounded.
You closely miss the orc priest. The leopard gecko closely misses you.
You furiously retaliate!
You headbutt the leopard gecko.
You kill the leopard gecko!
The orc priest closely misses you.
You completely miss the orc. You closely miss the orc priest.
You block the orc's attack.
The orc priest calls down the wrath of Beogh upon you.
Pain shoots through your body! The orc hits you with a hand axe.
You hit the orc. You headbutt the orc.
You kill the orc!
You hit the orc priest but do no damage.
The orc priest calls down the wrath of Beogh upon you.
Pain shoots through your body!
* * * LOW HITPOINT WARNING * * *
You block the orc priest's attack.
You feel better. The goblin barely misses you.
The orc priest mumbles some strange prayers to Beogh against you.
Pain shoots through your body!
You die...

.## #(# ## ... .#.# .#
#.. ...# ##.##.#...
...#.#.. . #% ...#
....##.##)#
%......@g.######
.......#o......##
....####.####...# ##.
#.# #...# #.# #..(#
#.# #...# ..# #...# #
#######...######
#####.#...............


You could see an orc priest and a goblin.

Vanquished Creatures
  Sigmund (D:2)
  3 adders (D:2)
  2 worms
  3 dart slugs
  2 leopard geckos
  2 orcs (D:3)
  2 giant cockroaches
  7 goblins
  4 hobgoblins
  4 jackals (D:1)
  2 quokkas (D:3)
  3 ball pythons
  6 bats
  3 frilled lizards
  5 kobolds
  5 rats
54 creatures vanquished.

Notes
Turn   | Place    | Note
-------+----------+-------------------------------------------
     0 | D:1      | Gobser the Minotaur Fighter began the quest for the Orb.
     0 | D:1      | Reached XP level 1. HP: 19/19 MP: 0/0
   127 | D:1      | Reached XP level 2. HP: 27/27 MP: 1/1
   170 | D:1      | Reached skill level 4 in Shields
   290 | D:1      | Reached XP level 3. HP: 33/33 MP: 2/2
   467 | D:2      | Noticed Sigmund
   479 | D:2      | Killed Sigmund
   479 | D:2      | Reached XP level 4. HP: 24/40 MP: 3/3
   479 | D:2      | Reached XP level 5. HP: 28/46 MP: 4/4
   971 | D:2      | Reached skill level 5 in Shields
  1266 | D:3      | Killed from afar by an orc priest

Vault maps used:
D:1:      onia_arrival_mini_maze_b
D:2:      uniq_sigmund
D:3:      lemuel_round_altar

Skill      XL: |  1  2  3  4  5 |
---------------+----------------+-----
Armour         | 4 |  4.9
Shields        | 4 5 |  5.0
Fighting       | 4 |  4.4
Axes           | 4 |  4.8
Dodging        | |  0.9

Action                   |  1- 3 |  4- 6 || total
-------------------------+-------+-------++-------
Melee: War axe           |    74 |    67 ||   141
       Headbutt          |     9 |     6 ||    15
  Use: Potion            |     5 |     1 ||     6
       Scroll            |     1 |     1 ||     2
  Eat: Beef jerky        |       |     1 ||     1
Armor: Scale mail        |    37 |    32 ||    69
Dodge: Dodged            |    29 |    21 ||    50
Block: Shield            |    49 |    33 ||    82
